 Dungeon Crawl Stone Soup version 0.20-a0-1006-ge6c5631 (webtiles) character file.

95 M4edhros the Insei (level 4, -4/27 HPs)
             Began as an Octopode Necromancer on Apr 14, 2017.
             Slain by a phantom (6 damage)
             ... on level 4 of the Dungeon.
             The game lasted 00:04:10 (769 turns).

M4edhros the Insei (Octopode Necromancer)            Turns: 769, Time: 00:04:10

Health: -4/27      AC:  1    Str:  4 (7)  XL:     4   Next: 65%
Magic:  7/7        EV: 13    Int: 14 (17) God:
Gold:   56         SH:  0    Dex: 10 (13) Spells: 2/7 levels left

rFire    . . .     SeeInvis .     - Unarmed
rCold    . . .     Gourm    .   (no shield)
rNeg     . . .     Faith    .   (helmet restricted)
rPois    .         Spirit   .   (no amulet)
rElec    .         Reflect  .   (no ring)
rCorr    .         Harm     .   (no ring)
MR       .....                  (no ring)
Stlth    +++.......             (no ring)
Regen    0.1/turn               (no ring)
MPRegen  0.1/turn               (no ring)
                                (no ring)
                                (no ring)

@: exhausted, slowed, very slow
A: almost no armour, stealthy swim, amphibious, 8 rings, constrict 8, camouflage
1, gelatinous body 1
a: no special abilities


You were on level 4 of the Dungeon.
You were hungry.

You visited 1 branch of the dungeon, and saw 4 of its levels.

You collected 56 gold pieces.

Inventory:

Hand Weapons
 m - a +2 hand axe of chopping
Scrolls
 c - 2 scrolls of fear
 f - a scroll of recharging {unknown}
 h - a scroll of enchant weapon {unknown}
 i - a scroll of magic mapping {unknown}
 j - a scroll of teleportation {unknown}
 l - a scroll of remove curse
Potions
 e - a potion of berserk rage
Books
 a - a book of Necromancy

   Spells                             Type                      Level
   a - Pain                           Necromancy                   1
   b - Animate Skeleton               Necromancy                   1
   c - Vampiric Draining              Necromancy                   3
   d - Regeneration                   Charms/Necromancy            3
   e - Animate Dead                   Necromancy                   4
   f - Control Undead                 Necromancy                   4
Comestibles
 b - 2 bread rations
 d - 2 chunks of flesh
 k - a royal jelly


   Skills:
 - Level 2.0 Dodging
 - Level 2.6 Stealth
 + Level 4.1 Unarmed Combat
 - Level 2.0 Spellcasting
 - Level 4.0 Necromancy


You had 2 spell levels left.
You knew the following spells:

 Your Spells              Type           Power        Failure   Level  Hunger
a - Pain                  Necr           ##..         4%          1    ##.....
b - Animate Skeleton      Necr           N/A          4%          1    ##.....
c - Regeneration          Chrm/Necr      #.........   30%         3    ####...


Dungeon Overview and Level Annotations

Branches:
Dungeon (4/15)
 Temple: D:4-7

Altars:
Nemelex Xobeh


Innate Abilities, Weirdness & Mutations

You cannot wear most types of armour.
You are very stealthy in the water. (Stealth+)
You are amphibious.
You can wear up to eight rings at the same time.
You can use your tentacles to constrict eight enemies at once.
Your skin changes colour to match your surroundings (Stealth+).
Your rubbery body absorbs attacks. (AC +1, EV +1)


Message History

The orc is heavily wounded.
The orc hits you with a club. The orc barely misses you.
The orc closely misses you. x2; The orc barely misses you.
The orc hits you with a club.
* * * LOW HITPOINT WARNING * * *
The orc closely misses you.
It was a potion of degeneration.
There was something very wrong with that liquid.
You feel weakened.
You feel dopey.
You feel clumsy. The orc hits you.
* * * LOW HITPOINT WARNING * * *
The orc closely misses you. The orc hits you but does no damage.
The orc barely misses you. x2
You aren't carrying any items that you can evoke.
As you read the scroll of fear, it crumbles to dust.
You assume a fearsome visage.
The phantom is unaffected.
The orc looks frightened! x4; The phantom hits you.
* * * LOW HITPOINT WARNING * * *
The phantom hits you.
You die...

#.# #.#
#..#.......# #.#
#.#
#).##...#...#
#.#
#..####......
#.# # #>.#
#....# #.# #.
#..# .#.## #.#
##.# #..# ##.#
###..o# #..#
.......###..#
#).o.@W...#.####
####
##.o..o.........
...
#######........
####.####
####.####
#.......# .#
##.##.##.# ..
........<# .#
##.#..#..#
#.#.##..#


You could see a phantom and 4 orcs.

Vanquished Creatures
  A worker ant (D:4)
  4 adders
  2 leopard geckos (D:2)
  An orc (D:4)
  A giant cockroach (D:1)
  3 goblins
  5 hobgoblins
  4 jackals (D:2)
  2 kobolds
  2 bats
  2 frilled lizards (D:2)
  4 rats
31 creatures vanquished.

Vanquished Creatures (collateral kills)
  A worm (D:2)
1 creature vanquished.

Grand Total: 32 creatures vanquished

Notes
Turn   | Place    | Note
-------+----------+-------------------------------------------
     0 | D:1      | M4edhros the Octopode Necromancer began the quest for the Orb.
     0 | D:1      | Reached XP level 1. HP: 11/11 MP: 3/3
    33 | D:1      | Reached skill level 1 in Unarmed Combat
    38 | D:1      | Learned a level 1 spell: Animate Skeleton
   115 | D:1      | Reached XP level 2. HP: 14/17 MP: 5/5
   159 | D:2      | Reached XP level 3. HP: 11/21 MP: 6/6
   234 | D:2      | Learned a level 3 spell: Regeneration
   271 | D:2      | Found a sparkling altar of Nemelex Xobeh.
   565 | D:3      | Reached XP level 4. HP: 25/27 MP: 1/7
   756 | D:4      | Noticed a phantom
   769 | D:4      | Slain by a phantom

Vault maps used:
D:1:      lightli_arrival_farm
D:2:      nemelex_altar_shiori
D:3:      uniq_jessica
D:4:      makhleb_altar_promises_db, first_bread, enter_ossuary_2

Skill      XL: |  1  2  3  4 |
---------------+-------------+-----
Unarmed Combat | 1 2 3 4 |  4.1
Dodging        | |  2.0
Stealth        | |  2.6
Spellcasting   | |  2.0
Necromancy     | |  4.0

Action                   |  1- 3 |  4- 6 || total
-------------------------+-------+-------++-------
Melee: Unarmed           |    67 |    20 ||    87
       Constrict         |    11 |     4 ||    15
       Tentacles         |     6 |     4 ||    10
 Cast: Pain              |    10 |     2 ||    12
       Animate Skeleton  |    11 |     1 ||    12
       Regeneration      |     5 |       ||     5
  Use: Potion            |     1 |     2 ||     3
       Scroll            |       |     4 ||     4
 Stab: Sleeping          |     5 |     1 ||     6
Armor: Skin              |    22 |     1 ||    23
Dodge: Dodged            |    26 |    22 ||    48
